 Dungeon Crawl Stone Soup version 0.18.1-50-g88ac8fd (webtiles) character file.

56 SuckerForPain the Skirmisher (level 3, -1/29 HPs)
             Began as a Demonspawn Fighter on Oct 25, 2016.
             Succumbed to a worker ant's poison
             ... on level 4 of the Dungeon.
             The game lasted 00:02:33 (1211 turns).

SuckerForPain the Skirmisher (Demonspawn Fighter)   Turns: 1211, Time: 00:02:34

Health: -1/29      AC: 11    Str: 17    XL:     3   Next: 71%
Magic:  3/3        EV:  2    Int:  9    God:
Gold:   70         SH:  8    Dex: 12    Spells: 0 memorised, 2 levels left

rFire  . . .     SeeInvis .     a - +0 flail
rCold  + . .     Gourm    .     b - +0 plate armour
rNeg   . . .     Faith    .     c - +0 shield
rPois  .         Spirit   .     (no helmet)
rElec  .         Dismiss  .     (no cloak)
rCorr  .         Reflect  .     (no gloves)
SustAt .         Harm     .     (no boots)
MR     .....                    (no amulet)
Stlth  ..........               (no ring)
                                (no ring)

@: lethally poisoned (-1 -> -36), not resistant to hostile enchantments,
extremely unstealthy
A: cold resistance 1
a: no special abilities


You were on level 4 of the Dungeon.
You were not hungry.

You visited 1 branch of the dungeon, and saw 3 of its levels.

You collected 70 gold pieces.


Innate Abilities, Weirdness & Mutations

Your flesh is cold resistant.

Inventory:

Hand Weapons
 a - a +0 flail (weapon)
Missiles
 j - 20 poisoned needles
Armour
 b - a +0 plate armour (worn)
 c - a +0 shield (worn)
 i - a +0 pair of gloves
Scrolls
 f - a scroll of remove curse {unknown}
 k - a scroll of identify {unknown}
Potions
 d - 4 potions of might
 e - a potion of lignification {unknown}
 g - 2 potions of curing {unknown}
 h - a potion of haste {unknown}
Comestibles
 l - a meat ration
 r - 3 bread rations


You had 2 spell levels left.
You didn't know any spells.


   Skills:
 + Level 3.5 Fighting
 * Level 3.2 Maces & Flails
 - Level 2.6 Armour
 - Level 2.6 Shields

Dungeon Overview and Level Annotations

Branches:
Dungeon (2/15)

Altars:
Ashenzari
Xom

Vault maps used:
D:1:      minmay_arrival_diagonal_passages
D:2:      evilmike_ruin_ashenzari, nrook_uturn, xom_redecorated
D:4:      grunt_temple_overflow_open, first_bread, kennysheep_boxes
You       could see a worker ant.


Message History

A worker ant comes into view.
The worker ant twitches its antennae in your direction.
You hit the worker ant.
The worker ant is moderately wounded.
The worker ant bites you but does no damage.
Your plate armour prevents you from hitting the worker ant.
The worker ant is moderately wounded.
The worker ant bites you but does no damage.
The worker ant bites you.
You are poisoned.
The worker ant poisons you! You block the worker ant's attack.
You take 4 damage, and have 25/29 hp.
You closely miss the worker ant.
The worker ant is moderately wounded.
You feel sick. The worker ant bites you. You block the worker ant's attack.
The worker ant bites you but does no damage. x2
You take 5 damage, and have 20/29 hp.
You closely miss the worker ant.
The worker ant is moderately wounded.
You feel sick. The worker ant bites you.
You are lethally poisoned!
The worker ant poisons you! The worker ant bites you.
* * * LOW HITPOINT WARNING * * *
You are more poisoned.
The worker ant poisons you!
The worker ant bites you but does no damage.
You take 9 damage, and have 11/29 hp.
MASSIVE DAMAGE!!
You thump the worker ant!
The worker ant is almost dead.
* * * LOW HITPOINT WARNING * * *
You feel sick. The worker ant bites you.
* * * LOW HITPOINT WARNING * * *
The worker ant waves its antennae.
You block the worker ant's attack.
The worker ant bites you but does no damage.
You take 4 damage, and have 7/29 hp.
Your shield and plate armour prevent you from hitting the worker ant.
The worker ant is almost dead.
* * * LOW HITPOINT WARNING * * *
You feel very sick. The worker ant barely misses you.
You block the worker ant's attack. x2
The worker ant bites you.
* * * LOW HITPOINT WARNING * * *
You are more poisoned.
The worker ant poisons you!
You take 5 damage, and have 2/29 hp.
You sock the worker ant!
You kill the worker ant!
Your Maces & Flails skill increases to level 3!
You die...

Action                   || total
-------------------------++-------
Melee: Flail             ||   114
  Eat: Chunk             ||     1
Armor: Plate armour      ||    89
       Chain mail        ||     7
Dodge: Dodged            ||    13
Block: Shield            ||    65

Notes
Turn   | Place    | Note
--------------------------------------------------------------
     0 | D:1      | SuckerForPain the Demonspawn Fighter began the quest for the Orb.
     0 | D:1      | Reached XP level 1. HP: 18/18 MP: 1/1
    81 | D:1      | Reached skill level 2 in Maces & Flails
   325 | D:1      | Gained mutation: Your flesh is cold resistant. [demonic ancestry]
   325 | D:1      | Reached XP level 2. HP: 18/24 MP: 2/2
   951 | D:2      | Found a shattered altar of Ashenzari.
   986 | D:2      | Reached XP level 3. HP: 29/29 MP: 3/3
  1186 | D:2      | Found a shimmering altar of Xom.
  1187 | D:2      | Found a shimmering altar of Xom.
  1188 | D:2      | Found a shimmering altar of Xom.
  1191 | D:2      | You fall through a shaft for 2 floors!
  1211 | D:4      | Reached skill level 3 in Maces & Flails
  1211 | D:4      | Succumbed to a worker ant's poison

Table legend:
 A = Turns spent in this place as a percentage of turns spent in the entire game.
 B = Non-inter-level travel turns spent in this place as a percentage of non-inter-level travel turns spent in the entire game.
 C = Inter-level travel turns spent in this place as a percentage of turns spent in this place.
 D = Turns resting spent in this place as a percentage of non-inter-level travel turns spent in this place.
 E = Turns spent auto-exploring this place as a percentage of non-inter-level travel turns spent in this place.
 F = Non-inter-level travel turns spent in this place divided by the number of levels of this place that you've seen.
                   A       B       C       D       E      F
               +-------+-------+-------+-------+-------+----------------------
         Total | 100.0 | 100.0 |   0.3 |   2.3 |  15.7 |  99.7
       Dungeon | 100.0 | 100.0 |   0.3 |   2.3 |  15.7 |  99.7
               +-------+-------+-------+-------+-------+----------------------

Table legend:
 A = Kills in this place as a percentage of kills in entire the game.
 B = Kills by you in this place as a percentage of kills by you in the entire game.
 C = Kills by friends in this place as a percentage of kills by friends in the entire game.
 D = Other kills in this place as a percentage of other kills in the entire game.
 E = Experience gained in this place as a percentage of experience gained in the entire game.
 F = Experience gained in this place divided by the number of levels of this place that you have seen.
                   A       B       C       D       E      F
               +-------+-------+-------+-------+-------+----------------------
         Total | 100.0 | 100.0 |  -nan |  -nan | 100.0 |  27.0
       Dungeon | 100.0 | 100.0 |  -nan |  -nan | 100.0 |  27.0
               +-------+-------+-------+-------+-------+----------------------

Vanquished Creatures
  A worker ant (D:4)
  2 oozes
  A giant gecko (D:1)
  5 goblins
  2 hobgoblins
  5 kobolds
  2 bats (D:2)
  2 giant newts (D:2)
  7 rats
27 creatures vanquished.
